 Dungeon Crawl Stone Soup version 0.28-a0-390-gb254ac4902 (webtiles) character file.

Game seed: 4740282235424057585

21 jdzakarian the Poker (level 3, -2/29 HPs)
             Began as a Human Berserker on Sept 3, 2021.
             Was a Follower of Trog.
             Frozen to death by an endoplasm (5 damage)
             ... on level 2 of the Dungeon.
             The game lasted 00:04:02 (1411 turns).

jdzakarian the Poker (Human Berserker)              Turns: 1411, Time: 00:04:04

Health: -2/29      AC:  2    Str: 17    XL:     3   Next: 2%
Magic:  3/3        EV: 12    Int:  7    God:    Trog [*.....]
Gold:   34         SH:  0    Dex: 13    Spells: 2/2 levels left

rFire   . . .      SeeInvis .   a - +0 spear
rCold   . . .      Faith    .   (no shield)
rNeg    . . .      Spirit   .   b - +0 animal skin
rPois   .          Reflect  .   (no helmet)
rElec   .          Harm     .   (no cloak)
rCorr   .          Rampage  .   (no gloves)
Will    .....                   (no boots)
Stlth   +.........              (no amulet)
HPRegen 0.09/turn               (no ring)
MPRegen 0.08/turn               (no ring)

@: lethally poisoned (-2 -> -8)
A: no striking features
a: Renounce Religion, Berserk


You were on level 2 of the Dungeon.
You worshipped Trog.
Trog was aware of your devotion.
You visited 1 branch of the dungeon, and saw 2 of its levels.

You collected 34 gold pieces.

Inventory:

Hand Weapons
 a - a +0 spear (weapon)
Armour
 b - a +0 animal skin (worn)
Scrolls
 e - a scroll of enchant weapon {unknown}
Potions
 c - a potion of brilliance {unknown}
 d - a potion of lignification {unknown}


   Skills:
 + Level 3.3 Fighting
 + Level 3.4 Polearms
 + Level 2.1 Armour
 + Level 2.1 Dodging
 + Level 0.4 Stealth


You had 2 spell levels left.
You didn't know any spells.
Your spell library contained the following spells:

 Spells                   Type           Power      Damage    Failure   Level
 Cause Fear               Hex            0%         N/A       99%         4
 Dragon Form              Tmut           0%         N/A       100%        7
 Dragon's Call            Summ           0%         N/A       100%        9


Dungeon Overview and Level Annotations

Branches:
Dungeon (2/15)

Altars:


Message History

The bat closely misses you. The endoplasm barely misses you.
The adder bites you. The bat hits you but does no damage. The adder bites you.
You are poisoned.
The adder poisons you! The bat barely misses you.
You feel sick. The bat hits you.
You feel sick.
The endoplasm hits you but does no damage.
You feel sick. The adder barely misses you.
You barely miss the adder.
You feel sick. The bat hits you but does no damage.
The adder barely misses you. The endoplasm freezes you.
You are frozen.
You hit the adder but do no damage.
You feel sick. The adder bites you but does no damage.
The endoplasm freezes you.
You are frozen.
The bat barely misses you.
You hit the adder.
The adder is heavily wounded.
You feel sick.
You are no longer poisoned.
The bat misses you. The adder barely misses you.
The endoplasm barely misses you.
You closely miss the adder.
The adder is heavily wounded.
The bat closely misses you. The adder closely misses you.
The bat completely misses you.
You barely miss the adder.
The adder is heavily wounded.
The bat misses you. The adder closely misses you. The endoplasm hits you.
* * * LOW HITPOINT WARNING * * *
The adder bites you.
* * * LOW HITPOINT WARNING * * *
You are lethally poisoned!
The adder poisons you!
* * * LOW HITPOINT WARNING * * *
You feel sick. The bat hits you but does no damage. The endoplasm freezes you.
You are frozen.
You die...

#.###.# ......# #.#
##
#.....###.######## .
#....(#...........
#.#.................
#.#.....#.#.#######.
#.........#.# #.
#@J.......#######.
#bSJ.....?........
#..#....########..
#..#.##.# #..
.........# ###
###..$.#### ##.#.#
#.#.# ..#.#


You could see an adder, 2 endoplasms and a bat.

Vanquished Creatures
  2 bats (D:1)
  5 endoplasms (D:1)
  2 giant cockroaches (D:1)
  2 goblins (D:1)
  2 hobgoblins (D:1)
  A ball python (D:1)
  4 rats (D:1)
18 creatures vanquished.

Notes
Turn   | Place    | Note
-------+----------+-------------------------------------------
     0 | D:1      | jdzakarian the Human Berserker began the quest for the Orb.
     0 | D:1      | Reached XP level 1. HP: 18/18 MP: 1/1
    55 | D:1      | Found a faded altar of an unknown god.
   257 | D:1      | Reached XP level 2. HP: 24/24 MP: 2/2
  1207 | D:1      | Reached XP level 3. HP: 26/29 MP: 3/3
  1411 | D:2      | Frozen to death by an endoplasm

Illustrated notes

Levels and vault maps discovered:
D:1:      dpeg_arrival_court, layout_loops_cross,
          shapermc_ecumenical_altar_starsandcircs
D:2:      cheibrodos_pilgrimage, layout_loops_ring

Action                   || total
-------------------------++-------
Melee: Spear             ||    65
  Use: Scroll            ||     2
       Potion            ||     1
 Stab: Sleeping          ||     2
       Distracted        ||     1
Armor: Animal skin       ||    18
Dodge: Dodged            ||    44

Table legend: (Time is in decaauts)
 A = Elapsed time spent in this place.
 B = Non-inter-level travel time spent in this place.
 C = Inter-level travel time spent in this place.
 D = Time resting spent in this place.
 E = Time spent auto-exploring this place.
 F = Levels seen in this place.
 G = Mean time per level.
                   A        B        C        D        E       F      G
               +--------+--------+--------+--------+--------+-----+--------+
         Total |   1406 |   1406 |      0 |      0 |   1176 |   2 |  703.0 |
       Dungeon |   1406 |   1406 |      0 |      0 |   1176 |   2 |  703.0 |
               +--------+--------+--------+--------+--------+-----+--------+

Top non-repeatable levels by time:
     D:1: 1372 daAuts
     D:2: 34 daAuts
